 Dungeon Crawl Stone Soup version 0.32-a0-411-g744942f433 (webtiles) character file.

Game seed: 2448397721613363799

237 ragingrage the Ruffian (level 6, 0/51 HPs)
             Began as a Naga Shapeshifter on Feb 21, 2024.
             Slain by a gnoll
             ... wielding a +0 halberd
              (10 damage)
             ... on level 3 of the Dungeon.
             The game lasted 00:02:52 (2839 turns).

ragingrage the Ruffian (Naga Shapeshifter)          Turns: 2839, Time: 00:02:52

Health: 0/51       AC:  3    Str: 18    XL:     6   Next: 6%
Magic:  7/7        EV:  9    Int: 10    God:
Gold:   178        SH:  0    Dex: 11    Spells: 4/7 levels left

rFire   . . .        a - +0 dagger (venom)
rCold   . . .        (no shield)
rNeg    + . .        r - +0 animal skin
rPois   +            (helmet currently unavailable)
rElec   .            (cloak currently unavailable)
rCorr   .            (gloves currently unavailable)
SInv    +            (no barding)
Will    .....        (no amulet)
Stlth   ++           s - ring of positive energy
HPRegen 0.28/turn    (no ring)
MPRegen 0.10/turn

%: no passive effects
@: beast-form, very slow
A: beast (slay +2), AC +2, large, see invisible, deformed body, poison
resistance, slowness 2, spit poison 1, naga tail 1
a: Spit Poison, Begin Untransformation


You were on level 3 of the Dungeon.
You were a hulking beast.
You visited 1 branch of the dungeon, and saw 3 of its levels.

You collected 178 gold pieces.

Inventory:

Hand Weapons
 a - a +0 dagger of venom (weapon)
 e - a +0 dagger
 w - a +3 dagger of electrocution
Missiles
 f - 5 javelins
Armour
 r - a +0 animal skin (worn)
 t - a +0 pair of gloves
Jewellery
 s - a ring of positive energy (left hand)
Talismans
 c - a beast talisman (active)
 d - a flux talisman
Wands
 y - a wand of charming (5)
Scrolls
 i - a scroll of revelation {unknown}
 m - a scroll of amnesia {unknown}
 n - a scroll of identify {unknown}
 o - a scroll of enchant weapon {unknown}
 q - 2 scrolls of vulnerability {unknown}
 u - a scroll of blinking {unknown}
 v - a scroll of fog {unknown}
 x - a scroll of poison {unknown}
Potions
 b - a potion of lignification
 j - a potion of heal wounds {unknown}
 k - a potion of invisibility {unknown}
 l - a potion of haste {unknown}
 p - a potion of mutation {unknown}
 z - a potion of curing {unknown}


   Skills:
 - Level 1.0 Fighting
 + Level 1.5 Short Blades
 - Level 1.5 Dodging
 + Level 3.5 Stealth
 - Level 4.2 Unarmed Combat
 - Level 1.0 Spellcasting
 + Level 1.3 Conjurations
 + Level 1.2 Air Magic
 + Level 1.7 Alchemy
 - Level 3.5 Shapeshifting


You had 4 spell levels left.
You knew the following spells:

 Your Spells              Type           Power      Damage    Failure   Level
a - Mephitic Cloud        Conj/Alch/Air  3%         N/A       50%         3

Your spell library contained the following spells:

 Spells                   Type           Power      Damage    Failure   Level
 Static Discharge         Conj/Air       6%         3-4/arc   30%         2
 Ozocubu's Armour         Ice            0%         N/A       71%         3
 Iskenderun's Battlesphe  Conj           3%         2d6       99%         5
 Metabolic Englaciation   Hex/Ice        0%         N/A       100%        5
 Sculpt Simulacrum        Ice/Alch       1%         N/A       100%        6
 Spellforged Servitor     Conj/Summ      0%         N/A       100%        7


Dungeon Overview and Level Annotations

Branches:
Dungeon (3/15)

Altars:
Ru


Innate Abilities, Weirdness & Mutations

You are a hulking beast.
Your limbs bulge with bestial killing power. (Slay +2)
Your serpentine skin is tough. (AC +2)
You have supernaturally acute eyesight. (SInv)
Armour fits poorly on your strangely shaped body.
Your system is resistant to poisons. (rPois)
You cover ground very slowly.
You can spit poison.
You have a snake-like lower body.


Message History

You kill the hobgoblin!
No target in view!
No target in view!
You have got your breath back.
A gnoll comes into view. It is wielding a +0 whip.
A gnoll is nearby!
The gnoll shouts!
You hear a shout! x2
The gnoll closely misses you.
A kobold comes into view.
It is wielding a +0 short sword of holy wrath.
Aiming: Spit Poison (1% risk of failure)
Press: ? - help, Shift-Dir - straight line, f - gnoll
Aim: a gnoll, wielding a +0 whip (65% to hit)
The splash of poison hits the gnoll!
The gnoll is poisoned.
The gnoll hits you with a +0 whip.
You barely miss the gnoll.
The kobold shouts!
You kill the gnoll!
The kobold throws a stone.
The stone barely misses you.
You can't do that yet.
The gnoll barely misses you.
You see here a +0 whip.
The gnoll misses you. The gnoll hits you with a +0 halberd.
You closely miss the gnoll. The gnoll hits you with a +0 whip.
The gnoll hits you with a +0 halberd!
You hit the gnoll.
The gnoll is poisoned.
You have got your breath back.
As you read the scroll labelled NUIT EHAZITICA, it crumbles to dust.
Your body is wracked with pain!
The gnoll convulses! x2; It was a scroll of torment.
The gnoll hits you with a +0 whip. The gnoll hits you with a +0 halberd.
* * * LOW HITPOINT WARNING * * *
As you read the scroll labelled SAWI QISIGI, it crumbles to dust.
It is a scroll of brand weapon.
Your +3 dagger crackles with electricity.
w - a +3 dagger of electrocution The gnoll hits you with a +0 whip.
* * * LOW HITPOINT WARNING * * *
The kobold throws a stone.
The stone barely misses you.
The stone closely misses the gnoll.
The gnoll hits you with a +0 halberd!
You die...

#.# #)....#
#####.###.....#
#.............. #
#.###.###.†..# #
#.#.......... #
#.###.##..K##
###### #.# #.##...#
..##.. #.# #.....)#
###.####.##.# #.#
#.....h# #
......#.##.# #.#
####.gg#
#.##.##.#.#..# #.#
#...#
#.#...#.#.#.## #.#
#........._.......#
#.#
#...#.#.#...#.#.###
#.#
#...#.#.##.##.#.#
#.# ##.##
#.......#.# #.#
..##.####.####.#
#.#
####...........#


You could see 2 gnolls and a kobold.

Vanquished Creatures
  A black bear (D:3)
  Ijyb (D:3)
  2 gnolls (D:3)
  An adder (D:2)
  4 dart slugs
  6 endoplasms
  2 giant cockroaches (D:2)
  3 goblins
  5 hobgoblins
  7 jackals (D:1)
  3 kobolds
  2 quokkas
  2 ball pythons
  2 bats (D:3)
  A frilled lizard (D:1)
  6 rats
48 creatures vanquished.

Notes
Turn   | Place    | Note
-------+----------+-------------------------------------------
     0 | D:1      | ragingrage the Naga Shapeshifter began the quest for the
                  | Orb.
     0 | D:1      | Reached XP level 1. HP: 18/18 MP: 1/1
   252 | D:1      | Reached XP level 2. HP: 19/25 MP: 2/2
   543 | D:1      | Reached skill level 1 in Stealth
   551 | D:1      | Reached XP level 3. HP: 10/31 MP: 3/3
  1086 | D:2      | Reached skill level 4 in Unarmed Combat
  1086 | D:2      | Reached XP level 4. HP: 32/38 MP: 4/4
  1390 | D:2      | Got Axzaor's Codex of Airy Damage
  1432 | D:2      | Learned a level 3 spell: Mephitic Cloud
  2022 | D:3      | Found a sacrificial altar of Ru.
  2044 | D:3      | Noticed a black bear
  2051 | D:3      | Killed a black bear
  2052 | D:3      | Reached skill level 1 in Short Blades
  2052 | D:3      | Reached skill level 1 in Spellcasting
  2052 | D:3      | Reached skill level 1 in Conjurations
  2052 | D:3      | Reached skill level 1 in Air Magic
  2052 | D:3      | Reached skill level 1 in Alchemy
  2052 | D:3      | Reached XP level 5. HP: 4/44 MP: 4/6
  2245 | D:3      | Noticed Ijyb
  2590 | D:3      | Killed Ijyb
  2591 | D:3      | Reached XP level 6. HP: 32/51 MP: 7/7
  2839 | D:3      | Slain by a gnoll

Illustrated notes

Levels and vault maps discovered:
D:1:      evilmike_arrival_rings, layout_rooms, minmay_pentomino_z4
D:2:      minmay_wonky_spiral, layout_loops_ring
D:3:      layout_basic, nicolae_ru_sacrificial_ziggurat, uniq_ijyb

Skill      XL: |  1  2  3  4 |
---------------+-------------+-----
Stealth        | 1 2 3 |  3.5
Unarmed Combat | 4 |  4.2
Short Blades   | 1 |  1.5
Spellcasting   | 1 |  1.0
Conjurations   | 1 |  1.3
Air Magic      | 1 |  1.2
Alchemy        | 1 |  1.7
Fighting       | |  1.0
Dodging        | |  1.5
Shapeshifting  | |  3.5

Action                     |  1- 3 |  4- 6 || total
---------------------------+-------+-------++-------
  Melee: Unarmed           |    41 |     8 ||    49
         Punch             |     2 |     1 ||     3
         Dagger            |       |    43 ||    43
  Throw: Javelin           |       |     2 ||     2
Ability: Spit Poison       |    16 |    12 ||    28
    Use: Scroll            |       |     2 ||     2
   Stab: Sleeping          |       |     2 ||     2
 Armour: Animal skin       |    31 |    49 ||    80
  Dodge: Dodged            |    33 |    18 ||    51

Table legend: (Time is in decaauts)
 A = Elapsed time spent in this place.
 B = Non-inter-level travel time spent in this place.
 C = Inter-level travel time spent in this place.
 D = Time resting spent in this place.
 E = Time spent auto-exploring this place.
 F = Levels seen in this place.
 G = Mean time per level.
                   A        B        C        D        E       F      G
               +--------+--------+--------+--------+--------+-----+--------+
         Total |   3589 |   3496 |     93 |    453 |   2592 |   3 | 1196.3 |
       Dungeon |   3589 |   3496 |     93 |    453 |   2592 |   3 | 1196.3 |
               +--------+--------+--------+--------+--------+-----+--------+

Top non-repeatable levels by time:
     D:3: 1394 daAuts
     D:2: 1135 daAuts
     D:1: 1059 daAuts
